[ PARTIDA AOE2 · #487382600 ]
UnrankedHunos vs Koreans
[ ANÁLISIS DE REPETICIÓN · EXTRAÍDO DE LA PARTIDA GRABADA ]
Feudal
13:04
Castillos
16:39
Imperial
42:33
| APM promedio | 67.4 |
| APM pico | 125 |
| eAPM promedio | 39.7 |
| Aldeanos / militares | 234 / 278 |
Foco
⚔️ 43.9% · 🌾 56.1%
Tarkan ×227 · Knight ×47 · Monk ×2 · Spearman ×1 · Scout Cavalry ×1
Feudal
14:00
Castillos
19:04
Imperial
—
| APM promedio | 49.0 |
| APM pico | 96 |
| eAPM promedio | 27.5 |
| Aldeanos / militares | 213 / 192 |
Foco
⚔️ 35.0% · 🌾 65.0%
War Wagon ×130 · Spearman ×61 · Petard ×1 · Trade Cart ×1
Feudal
11:10
Castillos
28:38
Imperial
44:35
| APM promedio | 50.2 |
| APM pico | 99 |
| eAPM promedio | 29.9 |
| Aldeanos / militares | 166 / 262 |
Foco
⚔️ 33.2% · 🌾 66.8%
Scout Cavalry ×96 · Fire Lancer ×69 · Steppe Lancer ×51 · Battering Ram ×27 · Spearman ×11 · Camel Scout ×8
Feudal
11:52
Castillos
25:12
Imperial
44:13
| APM promedio | 47.2 |
| APM pico | 92 |
| eAPM promedio | 24.4 |
| Aldeanos / militares | 158 / 97 |
Foco
⚔️ 38.8% · 🌾 61.2%
Longbowman ×67 · Archer ×22 · Spearman ×5 · Trebuchet (Packed) ×2 · Petard ×1
Feudal
12:20
Castillos
23:06
Imperial
44:18
| APM promedio | 45.6 |
| APM pico | 81 |
| eAPM promedio | 20.9 |
| Aldeanos / militares | 108 / 188 |
Foco
⚔️ 37.0% · 🌾 63.0%
Huskarl ×96 · Archer ×87 · Skirmisher ×3 · Spearman ×2
Feudal
14:02
Castillos
17:48
Imperial
40:41
| APM promedio | 50.0 |
| APM pico | 90 |
| eAPM promedio | 27.6 |
| Aldeanos / militares | 64 / 301 |
Foco
⚔️ 26.5% · 🌾 73.5%
Scout Cavalry ×235 · Ratha (Ranged) ×60 · Trebuchet (Packed) ×5 · Battle Elephant ×1
Mapa de la partida
Recursos iniciales + cada clic de construcción. Líneas = muros · curvas = relieve. ◆ oro · ⬟ piedra · ● bayas · ✦ reliquia · ◌ hueco del cierre
Tu base· Abierta — flanco sin cerrar
Base de La Grosse Valoche· Abierta — hueco de 5t
Base de Humble Villager· Abierta — hueco de 6t
Base de FMG | Sawasha Takohida· Abierta — hueco de 7t
Base de enif_· Abierta — flanco sin cerrar
Base de FMG | ELCOCHINOTE· Abierta — flanco sin cerrar
Terreno inicial suavizado · ◌ = hueco del cierre detectado · pasá el cursor para detalles
Inputs por minuto
— FMG | GreatMaty - - La Grosse Valoche
Build order — FMG | GreatMaty
Primeras 150 de 675 acciones detectadas
| 1:14 | Construir | Town Center |
| 2:59 | Encolar | Villager (Male) |
| 2:59 | Encolar | Villager (Male) |
| 2:59 | Encolar | Villager (Male) |
| 2:59 | Encolar | Villager (Male) |
| 2:59 | Encolar | Villager (Male) |
| 4:05 | Encolar | Villager (Male) |
| 4:05 | Encolar | Villager (Male) |
| 4:31 | Encolar | Villager (Male) |
| 4:31 | Encolar | Villager (Male) |
| 4:42 | Construir | Lumber Camp |
| 4:52 | Encolar | Villager (Male) |
| 4:52 | Encolar | Villager (Male) |
| 5:08 | Encolar | Villager (Male) |
| 5:08 | Encolar | Villager (Male) |
| 5:54 | Encolar | Villager (Male) |
| 5:54 | Encolar | Villager (Male) |
| 6:04 | Encolar | Villager (Male) |
| 6:04 | Encolar | Villager (Male) |
| 6:31 | Encolar | Villager (Male) |
| 7:10 | Encolar | Villager (Male) |
| 7:21 | Construir | Mill |
| 7:34 | Encolar | Villager (Male) |
| 8:10 | Encolar | Villager (Male) |
| 8:21 | Encolar | Villager (Male) |
| 8:31 | Construir | Mill |
| 9:08 | Encolar | Villager (Male) |
| 9:37 | Encolar | Villager (Male) |
| 9:53 | Construir | Mining Camp |
| 9:59 | Encolar | Villager (Male) |
| 10:17 | Encolar | Villager (Male) |
| 10:42 | Investigar | Feudal Age |
| 10:42 | Investigar | Feudal Age |
| 10:50 | Construir | Palisade Wall |
| 10:54 | Construir | Palisade Wall |
| 11:05 | Construir | Palisade Wall |
| 11:14 | Construir | Barracks |
| 11:18 | Construir | Palisade Wall |
| 11:28 | Construir | Palisade Wall |
| 11:36 | Construir | Palisade Wall |
| 11:44 | Construir | Palisade Wall |
| 12:26 | Investigar | Loom |
| 12:26 | Encolar | Villager (Male) |
| 13:04 | Edad | Edad Feudal |
| 13:09 | Construir | Stable |
| 13:18 | Construir | Blacksmith |
| 13:59 | Investigar | Castle Age |
| 14:00 | Investigar | Castle Age |
| 14:25 | Encolar | Spearman |
| 14:30 | Investigar | Double-Bit Axe |
| 14:30 | Investigar | Double-Bit Axe |
| 14:38 | Construir | Palisade Wall |
| 14:38 | Construir | Palisade Wall |
| 14:39 | Construir | Palisade Wall |
| 14:39 | Construir | Palisade Wall |
| 14:41 | Construir | Palisade Wall |
| 14:41 | Construir | Palisade Wall |
| 14:44 | Construir | Palisade Wall |
| 14:46 | Construir | Palisade Wall |
| 14:46 | Construir | Palisade Wall |
| 14:46 | Construir | Palisade Wall |
| 14:48 | Construir | Palisade Wall |
| 15:20 | Investigar | Scale Barding Armor |
| 16:14 | Encolar | Villager (Male) |
| 16:39 | Edad | Edad de los Castillos |
| 16:49 | Construir | Town Center |
| 16:51 | Investigar | Bow Saw |
| 16:52 | Encolar | Knight |
| 16:54 | Encolar | Villager (Male) |
| 17:16 | Encolar | Villager (Male) |
| 17:17 | Encolar | Knight |
| 17:33 | Encolar | Knight |
| 17:40 | Construir | Farm |
| 17:42 | Construir | Farm |
| 17:50 | Encolar | Villager (Male) |
| 17:50 | Encolar | Villager (Male) |
| 18:15 | Encolar | Villager (Male) |
| 18:15 | Encolar | Villager (Male) |
| 18:20 | Encolar | Villager (Male) |
| 18:20 | Encolar | Villager (Male) |
| 18:22 | Construir | Farm |
| 18:29 | Construir | Farm |
| 18:30 | Construir | Farm |
| 18:30 | Construir | Farm |
| 18:30 | Construir | Farm |
| 18:37 | Encolar | Villager (Male) |
| 18:50 | Encolar | Villager (Male) |
| 18:53 | Construir | Farm |
| 18:58 | Encolar | Villager (Male) |
| 19:15 | Encolar | Villager (Male) |
| 19:20 | Encolar | Knight |
| 19:21 | Encolar | Knight |
| 19:35 | Encolar | Villager (Male) |
| 19:48 | Encolar | Villager (Male) |
| 19:48 | Encolar | Villager (Male) |
| 20:04 | Encolar | Villager (Male) |
| 20:05 | Encolar | Villager (Male) |
| 20:05 | Encolar | Villager (Male) |
| 20:09 | Construir | Town Center |
| 20:13 | Encolar | Villager (Male) |
| 20:16 | Construir | Farm |
| 20:18 | Encolar | Villager (Male) |
| 20:18 | Encolar | Villager (Male) |
| 20:38 | Encolar | Villager (Male) |
| 20:42 | Construir | Farm |
| 20:44 | Construir | Farm |
| 21:01 | Investigar | Husbandry |
| 21:01 | Investigar | Husbandry |
| 21:04 | Investigar | Bloodlines |
| 21:04 | Investigar | Bloodlines |
| 21:08 | Encolar | Villager (Male) |
| 21:08 | Encolar | Villager (Male) |
| 21:17 | Encolar | Villager (Male) |
| 21:19 | Construir | Farm |
| 21:20 | Construir | Farm |
| 21:21 | Construir | Farm |
| 21:28 | Encolar | Villager (Male) |
| 21:38 | Encolar | Villager (Male) |
| 21:45 | Encolar | Villager (Male) |
| 21:54 | Investigar | Husbandry |
| 21:58 | Encolar | Villager (Male) |
| 21:58 | Encolar | Villager (Male) |
| 22:06 | Construir | Farm |
| 22:06 | Construir | Farm |
| 22:07 | Construir | Farm |
| 22:07 | Construir | Farm |
| 22:07 | Construir | Farm |
| 22:07 | Construir | Farm |
| 22:08 | Construir | Farm |
| 22:21 | Encolar | Villager (Male) |
| 22:21 | Encolar | Villager (Male) |
| 22:26 | Encolar | Villager (Male) |
| 22:26 | Encolar | Villager (Male) |
| 22:28 | Construir | Farm |
| 22:29 | Construir | Farm |
| 22:33 | Encolar | Villager (Male) |
| 22:34 | Encolar | Villager (Male) |
| 22:54 | Construir | Farm |
| 23:00 | Encolar | Villager (Male) |
| 23:01 | Encolar | Villager (Male) |
| 23:06 | Encolar | Villager (Male) |
| 23:06 | Encolar | Villager (Male) |
| 23:16 | Construir | Mill |
| 23:16 | Construir | Farm |
| 23:16 | Construir | Farm |
| 23:17 | Construir | Farm |
| 23:17 | Construir | Farm |
| 23:17 | Construir | Farm |
| 23:17 | Construir | Farm |
| 23:17 | Construir | Farm |
Build order — La Grosse Valoche
Primeras 150 de 615 acciones detectadas
| 0:15 | Construir | Town Center |
| 2:48 | Encolar | Villager (Male) |
| 2:49 | Encolar | Villager (Male) |
| 2:49 | Encolar | Villager (Male) |
| 2:49 | Encolar | Villager (Male) |
| 2:49 | Encolar | Villager (Male) |
| 2:50 | Encolar | Villager (Male) |
| 3:43 | Construir | House |
| 3:45 | Construir | House |
| 3:51 | Investigar | Loom |
| 3:52 | Encolar | Villager (Male) |
| 3:52 | Encolar | Villager (Male) |
| 3:52 | Encolar | Villager (Male) |
| 4:10 | Encolar | Villager (Male) |
| 4:10 | Encolar | Villager (Male) |
| 5:00 | Encolar | Villager (Male) |
| 5:00 | Encolar | Villager (Male) |
| 5:00 | Encolar | Villager (Male) |
| 5:31 | Encolar | Villager (Male) |
| 5:31 | Encolar | Villager (Male) |
| 6:12 | Construir | Lumber Camp |
| 6:14 | Encolar | Villager (Male) |
| 6:14 | Encolar | Villager (Male) |
| 6:15 | Encolar | Villager (Male) |
| 6:16 | Encolar | Villager (Male) |
| 6:16 | Encolar | Villager (Male) |
| 6:30 | Construir | House |
| 6:40 | Construir | House |
| 6:47 | Construir | House |
| 6:58 | Encolar | Villager (Male) |
| 7:16 | Encolar | Villager (Male) |
| 7:46 | Construir | House |
| 7:53 | Encolar | Villager (Male) |
| 7:53 | Encolar | Villager (Male) |
| 7:55 | Encolar | Villager (Male) |
| 7:59 | Encolar | Villager (Male) |
| 7:59 | Encolar | Villager (Male) |
| 7:59 | Encolar | Villager (Male) |
| 8:13 | Construir | House |
| 8:47 | Encolar | Villager (Male) |
| 8:50 | Construir | Mining Camp |
| 8:54 | Construir | Mining Camp |
| 9:07 | Encolar | Villager (Male) |
| 9:07 | Encolar | Villager (Male) |
| 9:39 | Encolar | Villager (Male) |
| 10:36 | Construir | Mining Camp |
| 11:25 | Encolar | Villager (Male) |
| 11:29 | Investigar | Feudal Age |
| 11:53 | Encolar | Villager (Male) |
| 11:54 | Encolar | Villager (Male) |
| 11:58 | Construir | House |
| 11:59 | Construir | Palisade Wall |
| 12:00 | Construir | Palisade Wall |
| 12:02 | Construir | Palisade Wall |
| 12:03 | Construir | Palisade Wall |
| 12:04 | Construir | Palisade Wall |
| 12:27 | Construir | Palisade Wall |
| 12:29 | Construir | Palisade Wall |
| 12:29 | Construir | Palisade Wall |
| 12:32 | Construir | Palisade Wall |
| 12:35 | Construir | Palisade Gate |
| 12:37 | Construir | Palisade Wall |
| 12:37 | Construir | Palisade Wall |
| 12:38 | Construir | Palisade Wall |
| 12:38 | Construir | Palisade Wall |
| 12:40 | Construir | Palisade Wall |
| 12:40 | Construir | Palisade Wall |
| 12:54 | Construir | Palisade Wall |
| 12:57 | Construir | Palisade Wall |
| 12:59 | Construir | Palisade Wall |
| 13:47 | Construir | Palisade Wall |
| 14:00 | Edad | Edad Feudal |
| 14:03 | Construir | Blacksmith |
| 14:09 | Construir | Mill |
| 14:24 | Encolar | Villager (Male) |
| 15:04 | Construir | Market |
| 15:15 | Construir | House |
| 15:22 | Encolar | Villager (Male) |
| 15:43 | Encolar | Villager (Male) |
| 16:24 | Investigar | Castle Age |
| 16:25 | Investigar | Castle Age |
| 17:30 | Encolar | Villager (Male) |
| 17:54 | Investigar | Double-Bit Axe |
| 18:10 | Construir | Watch Tower |
| 19:04 | Edad | Edad de los Castillos |
| 19:08 | Construir | Castle |
| 19:13 | Encolar | Villager (Male) |
| 19:22 | Investigar | Bow Saw |
| 19:24 | Investigar | Fletching |
| 19:24 | Investigar | Fletching |
| 19:44 | Encolar | Villager (Male) |
| 20:07 | Encolar | Villager (Male) |
| 20:13 | Construir | Farm |
| 20:13 | Construir | Farm |
| 20:13 | Construir | Farm |
| 20:13 | Construir | Farm |
| 20:13 | Construir | Farm |
| 20:14 | Construir | Farm |
| 20:22 | Encolar | War Wagon |
| 20:23 | Encolar | War Wagon |
| 20:52 | Encolar | Villager (Male) |
| 20:59 | Investigar | Bodkin Arrow |
| 20:59 | Investigar | Bodkin Arrow |
| 21:25 | Encolar | Trade Cart |
| 21:26 | Encolar | Villager (Male) |
| 21:26 | Encolar | Villager (Male) |
| 21:31 | Encolar | War Wagon |
| 21:31 | Encolar | War Wagon |
| 22:06 | Encolar | War Wagon |
| 22:06 | Encolar | War Wagon |
| 22:23 | Encolar | Villager (Male) |
| 22:32 | Encolar | War Wagon |
| 22:32 | Encolar | War Wagon |
| 22:40 | Encolar | War Wagon |
| 22:53 | Encolar | Villager (Male) |
| 22:53 | Encolar | Villager (Male) |
| 23:00 | Construir | Farm |
| 23:09 | Construir | Town Center |
| 23:24 | Encolar | War Wagon |
| 23:24 | Encolar | War Wagon |
| 23:24 | Encolar | War Wagon |
| 23:45 | Encolar | Villager (Male) |
| 23:49 | Encolar | War Wagon |
| 23:50 | Encolar | War Wagon |
| 24:14 | Encolar | War Wagon |
| 24:14 | Encolar | War Wagon |
| 24:15 | Encolar | Villager (Male) |
| 24:15 | Encolar | Villager (Male) |
| 24:28 | Encolar | War Wagon |
| 24:28 | Encolar | War Wagon |
| 24:39 | Encolar | War Wagon |
| 24:43 | Encolar | War Wagon |
| 25:00 | Encolar | Villager (Male) |
| 25:00 | Encolar | Villager (Male) |
| 25:01 | Encolar | Villager (Male) |
| 25:05 | Encolar | War Wagon |
| 25:05 | Encolar | War Wagon |
| 25:17 | Encolar | War Wagon |
| 25:27 | Encolar | Villager (Male) |
| 25:27 | Encolar | Villager (Male) |
| 25:34 | Construir | Town Center |
| 25:46 | Encolar | War Wagon |
| 25:47 | Encolar | Villager (Male) |
| 25:47 | Encolar | Villager (Male) |
| 25:47 | Encolar | Villager (Male) |
| 25:49 | Construir | Farm |
| 25:49 | Construir | Farm |
| 26:13 | Encolar | War Wagon |
| 26:13 | Encolar | War Wagon |
| 26:14 | Encolar | Villager (Male) |
Build order — Humble Villager
Primeras 150 de 574 acciones detectadas
| 0:10 | Construir | Town Center |
| 1:02 | Construir | House |
| 1:50 | Construir | House |
| 2:00 | Construir | House |
| 2:22 | Encolar | Villager (Male) |
| 2:22 | Encolar | Villager (Male) |
| 2:23 | Encolar | Villager (Male) |
| 2:23 | Encolar | Villager (Male) |
| 2:23 | Encolar | Villager (Male) |
| 3:14 | Encolar | Villager (Male) |
| 3:14 | Encolar | Villager (Male) |
| 4:03 | Encolar | Villager (Male) |
| 4:10 | Encolar | Villager (Male) |
| 4:42 | Encolar | Villager (Male) |
| 4:42 | Encolar | Villager (Male) |
| 4:51 | Construir | Lumber Camp |
| 5:16 | Construir | House |
| 5:21 | Encolar | Villager (Male) |
| 5:25 | Encolar | Villager (Male) |
| 5:25 | Encolar | Villager (Male) |
| 6:05 | Encolar | Villager (Male) |
| 6:16 | Encolar | Villager (Male) |
| 6:19 | Encolar | Villager (Male) |
| 6:22 | Construir | House |
| 6:50 | Encolar | Villager (Male) |
| 6:50 | Encolar | Villager (Male) |
| 7:26 | Encolar | Villager (Male) |
| 7:32 | Construir | House |
| 7:40 | Encolar | Villager (Male) |
| 7:47 | Construir | House |
| 7:54 | Construir | Mill |
| 8:01 | Encolar | Villager (Male) |
| 8:21 | Encolar | Villager (Male) |
| 8:29 | Construir | House |
| 9:00 | Investigar | Feudal Age |
| 9:00 | Investigar | Feudal Age |
| 10:01 | Construir | Barracks |
| 10:06 | Encolar | Villager (Male) |
| 10:08 | Investigar | Loom |
| 10:11 | Encolar | Villager (Male) |
| 10:50 | Construir | House |
| 11:10 | Edad | Edad Feudal |
| 11:13 | Construir | Stable |
| 11:15 | Investigar | Double-Bit Axe |
| 11:33 | Construir | Blacksmith |
| 11:33 | Encolar | Villager (Male) |
| 11:39 | Encolar | Villager (Male) |
| 11:50 | Encolar | Scout Cavalry |
| 12:13 | Investigar | Forging |
| 12:23 | Construir | Lumber Camp |
| 12:36 | Encolar | Villager (Male) |
| 12:55 | Encolar | Scout Cavalry |
| 12:56 | Encolar | Scout Cavalry |
| 13:03 | Investigar | Loom |
| 13:29 | Encolar | Villager (Male) |
| 13:40 | Encolar | Scout Cavalry |
| 14:07 | Encolar | Villager (Male) |
| 14:08 | Encolar | Villager (Male) |
| 14:14 | Construir | Pasture |
| 14:15 | Construir | Pasture |
| 14:26 | Encolar | Scout Cavalry |
| 14:26 | Encolar | Scout Cavalry |
| 14:31 | Encolar | Villager (Male) |
| 14:53 | Encolar | Scout Cavalry |
| 14:53 | Encolar | Scout Cavalry |
| 14:57 | Encolar | Villager (Male) |
| 14:57 | Encolar | Villager (Male) |
| 14:59 | Construir | Pasture |
| 14:59 | Construir | Pasture |
| 15:00 | Construir | Pasture |
| 15:06 | Construir | House |
| 15:15 | Encolar | Villager (Male) |
| 15:16 | Encolar | Villager (Male) |
| 15:18 | Construir | Pasture |
| 15:47 | Encolar | Scout Cavalry |
| 15:50 | Encolar | Villager (Male) |
| 15:56 | Construir | Pasture |
| 15:58 | Encolar | Villager (Male) |
| 16:03 | Construir | House |
| 16:07 | Encolar | Scout Cavalry |
| 16:09 | Encolar | Villager (Male) |
| 16:24 | Encolar | Villager (Male) |
| 16:28 | Construir | Pasture |
| 16:46 | Encolar | Scout Cavalry |
| 16:47 | Encolar | Scout Cavalry |
| 16:56 | Encolar | Scout Cavalry |
| 17:18 | Encolar | Scout Cavalry |
| 17:19 | Encolar | Scout Cavalry |
| 17:29 | Encolar | Villager (Male) |
| 17:29 | Encolar | Villager (Male) |
| 17:29 | Encolar | Villager (Male) |
| 17:34 | Construir | Mill |
| 17:41 | Encolar | Villager (Male) |
| 17:53 | Encolar | Villager (Male) |
| 18:01 | Encolar | Scout Cavalry |
| 18:04 | Construir | House |
| 18:04 | Construir | House |
| 18:12 | Construir | House |
| 18:26 | Construir | Pasture |
| 18:28 | Investigar | Scale Barding Armor |
| 18:28 | Investigar | Scale Barding Armor |
| 18:45 | Encolar | Scout Cavalry |
| 18:46 | Encolar | Scout Cavalry |
| 18:46 | Encolar | Scout Cavalry |
| 19:07 | Encolar | Scout Cavalry |
| 19:13 | Construir | House |
| 19:18 | Encolar | Scout Cavalry |
| 19:25 | Encolar | Scout Cavalry |
| 19:26 | Encolar | Scout Cavalry |
| 19:33 | Encolar | Scout Cavalry |
| 19:33 | Encolar | Scout Cavalry |
| 19:48 | Encolar | Villager (Male) |
| 19:57 | Encolar | Scout Cavalry |
| 19:57 | Encolar | Scout Cavalry |
| 19:59 | Encolar | Villager (Male) |
| 20:07 | Encolar | Villager (Male) |
| 20:07 | Encolar | Villager (Male) |
| 20:12 | Construir | Mining Camp |
| 20:15 | Construir | Mining Camp |
| 20:19 | Encolar | Spearman |
| 20:19 | Encolar | Spearman |
| 20:19 | Encolar | Spearman |
| 20:24 | Encolar | Scout Cavalry |
| 20:38 | Construir | House |
| 20:41 | Encolar | Villager (Male) |
| 20:41 | Encolar | Villager (Male) |
| 20:44 | Encolar | Villager (Male) |
| 20:44 | Encolar | Villager (Male) |
| 20:45 | Construir | House |
| 21:00 | Construir | House |
| 21:01 | Construir | House |
| 21:03 | Construir | House |
| 21:04 | Construir | Palisade Wall |
| 21:13 | Encolar | Scout Cavalry |
| 21:14 | Encolar | Scout Cavalry |
| 21:14 | Encolar | Scout Cavalry |
| 21:27 | Construir | Stable |
| 21:36 | Encolar | Villager (Male) |
| 21:36 | Encolar | Villager (Male) |
| 21:41 | Encolar | Villager (Male) |
| 21:41 | Encolar | Villager (Male) |
| 22:08 | Encolar | Villager (Male) |
| 22:18 | Encolar | Scout Cavalry |
| 22:33 | Encolar | Scout Cavalry |
| 22:33 | Encolar | Scout Cavalry |
| 23:07 | Encolar | Villager (Male) |
| 23:10 | Construir | Market |
| 23:21 | Construir | Stone Wall |
| 23:24 | Construir | Stone Wall |
| 23:28 | Construir | Stone Wall |
Build order — FMG | Sawasha Takohida
Primeras 150 de 399 acciones detectadas
| 0:15 | Construir | Town Center |
| 0:40 | Construir | Palisade Gate |
| 1:14 | Construir | Palisade Wall |
| 1:17 | Construir | Palisade Wall |
| 1:23 | Construir | Palisade Wall |
| 1:27 | Construir | Palisade Wall |
| 1:30 | Construir | Palisade Wall |
| 1:52 | Construir | House |
| 2:16 | Encolar | Villager (Male) |
| 2:17 | Encolar | Villager (Male) |
| 2:17 | Encolar | Villager (Male) |
| 2:17 | Encolar | Villager (Male) |
| 2:17 | Encolar | Villager (Male) |
| 3:49 | Encolar | Villager (Male) |
| 3:49 | Encolar | Villager (Male) |
| 4:27 | Encolar | Villager (Male) |
| 4:29 | Construir | Lumber Camp |
| 4:37 | Construir | House |
| 4:50 | Construir | House |
| 4:57 | Encolar | Villager (Male) |
| 4:57 | Encolar | Villager (Male) |
| 5:12 | Encolar | Villager (Male) |
| 5:28 | Construir | House |
| 5:31 | Investigar | Loom |
| 5:31 | Encolar | Villager (Male) |
| 5:32 | Encolar | Villager (Male) |
| 6:47 | Encolar | Villager (Male) |
| 6:47 | Encolar | Villager (Male) |
| 6:59 | Encolar | Villager (Male) |
| 6:59 | Encolar | Villager (Male) |
| 7:00 | Encolar | Villager (Male) |
| 7:00 | Encolar | Villager (Male) |
| 7:10 | Construir | House |
| 7:18 | Encolar | Villager (Male) |
| 7:23 | Construir | House |
| 7:39 | Encolar | Villager (Male) |
| 8:00 | Construir | Mining Camp |
| 9:29 | Investigar | Feudal Age |
| 9:30 | Investigar | Feudal Age |
| 10:20 | Construir | Barracks |
| 11:19 | Construir | House |
| 11:30 | Encolar | Villager (Male) |
| 11:52 | Edad | Edad Feudal |
| 11:54 | Encolar | Villager (Male) |
| 11:58 | Investigar | Double-Bit Axe |
| 12:01 | Construir | Archery Range |
| 12:04 | Encolar | Villager (Male) |
| 12:34 | Construir | Blacksmith |
| 12:46 | Encolar | Spearman |
| 12:47 | Encolar | Spearman |
| 12:53 | Encolar | Villager (Male) |
| 13:05 | Encolar | Archer |
| 13:08 | Construir | Archery Range |
| 13:15 | Construir | House |
| 13:17 | Encolar | Villager (Male) |
| 13:17 | Encolar | Villager (Male) |
| 13:32 | Encolar | Archer |
| 13:35 | Construir | House |
| 13:40 | Encolar | Villager (Male) |
| 13:54 | Construir | Palisade Wall |
| 14:11 | Construir | Palisade Wall |
| 14:13 | Encolar | Archer |
| 14:14 | Encolar | Archer |
| 14:14 | Construir | House |
| 14:23 | Construir | House |
| 14:24 | Construir | Mill |
| 14:35 | Encolar | Villager (Male) |
| 14:35 | Encolar | Villager (Male) |
| 14:43 | Construir | Palisade Wall |
| 14:45 | Construir | Palisade Wall |
| 14:46 | Construir | Palisade Wall |
| 14:49 | Investigar | Fletching |
| 15:02 | Encolar | Villager (Male) |
| 15:16 | Encolar | Spearman |
| 15:27 | Encolar | Archer |
| 15:28 | Encolar | Archer |
| 15:36 | Encolar | Spearman |
| 15:48 | Encolar | Villager (Male) |
| 15:48 | Encolar | Villager (Male) |
| 15:49 | Encolar | Archer |
| 15:50 | Encolar | Archer |
| 16:03 | Construir | Lumber Camp |
| 16:22 | Encolar | Villager (Male) |
| 16:22 | Encolar | Villager (Male) |
| 16:28 | Encolar | Archer |
| 16:29 | Encolar | Archer |
| 16:29 | Encolar | Archer |
| 16:44 | Encolar | Villager (Male) |
| 16:45 | Encolar | Archer |
| 16:45 | Encolar | Archer |
| 17:00 | Encolar | Archer |
| 17:00 | Encolar | Archer |
| 17:23 | Encolar | Villager (Male) |
| 17:26 | Construir | House |
| 17:36 | Encolar | Archer |
| 17:37 | Encolar | Archer |
| 17:39 | Encolar | Villager (Male) |
| 17:52 | Encolar | Villager (Male) |
| 17:58 | Encolar | Villager (Male) |
| 18:15 | Encolar | Archer |
| 18:18 | Encolar | Villager (Male) |
| 18:23 | Encolar | Villager (Male) |
| 18:23 | Encolar | Villager (Male) |
| 18:26 | Construir | House |
| 18:27 | Construir | House |
| 18:46 | Encolar | Archer |
| 18:50 | Encolar | Archer |
| 18:51 | Encolar | Spearman |
| 19:10 | Encolar | Archer |
| 19:11 | Encolar | Archer |
| 19:24 | Encolar | Villager (Male) |
| 20:14 | Construir | Market |
| 20:21 | Construir | Mill |
| 20:22 | Encolar | Villager (Male) |
| 20:44 | Encolar | Villager (Male) |
| 20:48 | Encolar | Villager (Male) |
| 21:22 | Construir | Watch Tower |
| 22:32 | Investigar | Castle Age |
| 22:33 | Investigar | Castle Age |
| 25:05 | Encolar | Villager (Male) |
| 25:12 | Edad | Edad de los Castillos |
| 25:21 | Construir | Town Center |
| 25:24 | Encolar | Villager (Male) |
| 25:28 | Encolar | Villager (Male) |
| 25:42 | Construir | House |
| 25:43 | Encolar | Villager (Male) |
| 26:09 | Encolar | Villager (Male) |
| 26:09 | Encolar | Villager (Male) |
| 26:11 | Encolar | Villager (Male) |
| 26:19 | Encolar | Villager (Male) |
| 26:39 | Construir | Town Center |
| 26:57 | Construir | Castle |
| 27:03 | Construir | Farm |
| 27:04 | Investigar | Horse Collar |
| 27:22 | Construir | Farm |
| 27:38 | Encolar | Villager (Male) |
| 27:51 | Encolar | Villager (Male) |
| 27:51 | Encolar | Villager (Male) |
| 28:10 | Encolar | Longbowman |
| 28:10 | Encolar | Longbowman |
| 28:21 | Construir | Town Center |
| 28:23 | Encolar | Longbowman |
| 28:32 | Construir | Farm |
| 28:42 | Encolar | Longbowman |
| 28:58 | Encolar | Longbowman |
| 29:07 | Construir | Mill |
| 29:17 | Construir | House |
| 29:28 | Encolar | Villager (Male) ×4 |
| 29:33 | Encolar | Longbowman |
| 29:52 | Encolar | Longbowman |
Build order — enif_
Primeras 150 de 474 acciones detectadas
| 1:01 | Construir | Town Center |
| 2:53 | Encolar | Villager (Male) |
| 2:54 | Encolar | Villager (Male) |
| 2:54 | Encolar | Villager (Male) |
| 2:54 | Encolar | Villager (Male) |
| 3:05 | Construir | House |
| 4:26 | Encolar | Villager (Male) |
| 4:42 | Encolar | Villager (Male) |
| 5:01 | Construir | House |
| 5:26 | Encolar | Villager (Male) |
| 5:45 | Construir | Lumber Camp |
| 5:51 | Encolar | Villager (Male) |
| 6:13 | Encolar | Villager (Male) |
| 6:43 | Encolar | Villager (Male) |
| 6:58 | Encolar | Villager (Male) |
| 7:26 | Encolar | Villager (Male) |
| 7:37 | Construir | House |
| 7:54 | Encolar | Villager (Male) |
| 8:02 | Investigar | Loom |
| 8:02 | Investigar | Loom |
| 8:05 | Encolar | Villager (Male) |
| 8:21 | Encolar | Villager (Male) |
| 8:46 | Encolar | Villager (Male) |
| 8:56 | Construir | Barracks |
| 9:03 | Construir | House |
| 9:16 | Encolar | Villager (Male) |
| 9:44 | Encolar | Villager (Male) |
| 9:59 | Investigar | Feudal Age |
| 9:59 | Investigar | Feudal Age |
| 10:47 | Construir | Mining Camp |
| 10:50 | Encolar | Villager (Male) |
| 11:16 | Encolar | Villager (Male) |
| 12:20 | Encolar | Villager (Male) |
| 12:20 | Edad | Edad Feudal |
| 12:25 | Construir | Archery Range |
| 12:39 | Investigar | Double-Bit Axe |
| 12:39 | Investigar | Double-Bit Axe |
| 12:52 | Construir | House |
| 12:54 | Encolar | Spearman |
| 13:28 | Encolar | Villager (Male) |
| 13:38 | Encolar | Villager (Male) |
| 13:54 | Encolar | Archer |
| 14:08 | Encolar | Villager (Male) |
| 14:25 | Encolar | Villager (Male) |
| 14:28 | Construir | Lumber Camp |
| 14:41 | Encolar | Spearman |
| 15:01 | Construir | Palisade Wall |
| 15:06 | Encolar | Villager (Male) |
| 15:24 | Construir | Palisade Wall |
| 15:25 | Construir | Palisade Wall |
| 15:30 | Encolar | Villager (Male) |
| 15:44 | Construir | House |
| 15:53 | Construir | Palisade Gate |
| 15:53 | Construir | Palisade Wall |
| 15:56 | Construir | Palisade Wall |
| 15:58 | Construir | Palisade Wall |
| 15:59 | Construir | Palisade Wall |
| 16:04 | Investigar | Wheelbarrow |
| 16:07 | Investigar | Town Watch |
| 16:19 | Construir | House |
| 16:31 | Encolar | Villager (Male) |
| 16:38 | Construir | Mill |
| 16:48 | Encolar | Villager (Male) |
| 17:01 | Construir | Watch Tower |
| 17:21 | Encolar | Skirmisher |
| 17:23 | Encolar | Skirmisher |
| 17:25 | Encolar | Villager (Male) |
| 17:48 | Encolar | Villager (Male) |
| 17:51 | Construir | Archery Range |
| 17:57 | Encolar | Skirmisher |
| 18:04 | Construir | Blacksmith |
| 18:07 | Encolar | Villager (Male) |
| 18:30 | Construir | House |
| 18:37 | Encolar | Villager (Male) |
| 18:56 | Construir | Farm |
| 18:57 | Construir | Farm |
| 18:57 | Construir | Farm |
| 18:58 | Encolar | Villager (Male) |
| 19:11 | Construir | Farm |
| 19:12 | Encolar | Villager (Male) |
| 19:14 | Construir | House |
| 19:30 | Encolar | Villager (Male) |
| 19:32 | Construir | Market |
| 19:42 | Construir | Farm |
| 20:06 | Encolar | Archer |
| 20:06 | Encolar | Archer |
| 20:26 | Investigar | Castle Age |
| 20:26 | Investigar | Castle Age |
| 20:29 | Construir | House |
| 20:39 | Encolar | Archer |
| 20:39 | Encolar | Archer |
| 20:44 | Construir | Archery Range |
| 21:00 | Encolar | Archer |
| 21:00 | Encolar | Archer |
| 21:03 | Investigar | Fletching |
| 21:20 | Encolar | Archer |
| 21:27 | Encolar | Archer |
| 21:32 | Encolar | Villager (Male) |
| 21:49 | Construir | Mill |
| 21:54 | Encolar | Archer |
| 22:22 | Encolar | Archer |
| 22:23 | Encolar | Archer |
| 22:23 | Encolar | Archer |
| 22:48 | Encolar | Archer |
| 22:48 | Encolar | Archer |
| 23:06 | Edad | Edad de los Castillos |
| 23:06 | Investigar | Crossbowman (upgrade) |
| 23:07 | Investigar | Crossbowman (upgrade) |
| 23:07 | Investigar | Bodkin Arrow |
| 23:08 | Investigar | Bodkin Arrow |
| 23:45 | Encolar | Villager (Male) |
| 23:55 | Construir | House |
| 24:11 | Construir | House |
| 24:13 | Construir | House |
| 24:32 | Construir | House |
| 24:38 | Construir | House |
| 24:45 | Encolar | Archer |
| 24:45 | Encolar | Archer |
| 25:03 | Construir | Watch Tower |
| 25:23 | Construir | Palisade Wall |
| 25:29 | Encolar | Villager (Male) |
| 25:44 | Construir | Palisade Wall |
| 25:48 | Construir | Palisade Wall |
| 25:51 | Construir | Palisade Wall |
| 26:06 | Encolar | Villager (Male) |
| 26:30 | Encolar | Villager (Male) |
| 26:35 | Construir | Town Center |
| 26:54 | Construir | Palisade Wall |
| 26:55 | Construir | Palisade Wall |
| 27:03 | Encolar | Villager (Male) |
| 27:15 | Construir | Palisade Gate |
| 27:17 | Encolar | Villager (Male) |
| 27:25 | Encolar | Archer |
| 27:26 | Encolar | Archer |
| 27:26 | Encolar | Archer |
| 27:26 | Encolar | Archer |
| 27:27 | Encolar | Archer |
| 27:28 | Encolar | Archer |
| 27:45 | Encolar | Villager (Male) |
| 27:48 | Construir | University |
| 27:58 | Encolar | Villager (Male) |
| 28:02 | Construir | Farm |
| 28:06 | Encolar | Villager (Male) |
| 28:06 | Encolar | Villager (Male) |
| 28:39 | Investigar | Ballistics |
| 28:39 | Encolar | Villager (Male) |
| 28:39 | Encolar | Villager (Male) |
| 28:40 | Encolar | Villager (Male) |
| 28:43 | Construir | House |
| 28:57 | Encolar | Villager (Male) |
Build order — FMG | ELCOCHINOTE
Primeras 150 de 394 acciones detectadas
| 0:28 | Construir | Town Center |
| 2:21 | Construir | House |
| 2:38 | Encolar | Villager (Male) |
| 2:38 | Encolar | Villager (Male) |
| 2:38 | Encolar | Villager (Male) |
| 2:39 | Encolar | Villager (Male) |
| 4:25 | Encolar | Villager (Male) |
| 4:50 | Encolar | Villager (Male) |
| 4:50 | Encolar | Villager (Male) |
| 4:50 | Encolar | Villager (Male) |
| 5:01 | Construir | House |
| 5:04 | Encolar | Villager (Male) |
| 5:04 | Encolar | Villager (Male) |
| 5:39 | Encolar | Villager (Male) |
| 5:44 | Construir | Lumber Camp |
| 5:57 | Encolar | Villager (Male) |
| 6:29 | Construir | Palisade Wall |
| 6:55 | Encolar | Villager (Male) |
| 6:55 | Encolar | Villager (Male) |
| 7:20 | Encolar | Villager (Male) |
| 7:20 | Encolar | Villager (Male) |
| 7:22 | Encolar | Villager (Male) |
| 7:23 | Encolar | Villager (Male) |
| 7:37 | Construir | House |
| 7:43 | Investigar | Loom |
| 7:47 | Encolar | Villager (Male) |
| 7:47 | Encolar | Villager (Male) |
| 7:59 | Encolar | Villager (Male) |
| 8:00 | Encolar | Villager (Male) |
| 8:24 | Construir | Mill |
| 9:49 | Encolar | Villager (Male) |
| 10:09 | Construir | House |
| 10:16 | Construir | Mining Camp |
| 10:37 | Encolar | Villager (Male) |
| 10:55 | Encolar | Villager (Male) |
| 10:55 | Encolar | Villager (Male) |
| 11:26 | Investigar | Feudal Age |
| 12:17 | Construir | Mining Camp |
| 12:34 | Construir | House |
| 13:39 | Encolar | Villager (Male) |
| 13:39 | Encolar | Villager (Male) |
| 14:02 | Edad | Edad Feudal |
| 14:05 | Construir | Market |
| 14:34 | Construir | Blacksmith |
| 14:46 | Construir | Palisade Wall |
| 15:08 | Investigar | Castle Age |
| 15:09 | Investigar | Castle Age |
| 15:13 | Construir | Palisade Wall |
| 15:14 | Construir | Palisade Wall |
| 15:35 | Construir | Palisade Wall |
| 15:37 | Construir | Palisade Wall |
| 15:45 | Investigar | Double-Bit Axe |
| 17:35 | Construir | House |
| 17:38 | Encolar | Villager (Male) |
| 17:48 | Edad | Edad de los Castillos |
| 17:50 | Construir | Castle |
| 18:05 | Construir | Town Center |
| 18:22 | Encolar | Villager (Male) |
| 18:22 | Encolar | Villager (Male) |
| 19:00 | Encolar | Villager (Male) |
| 19:00 | Encolar | Villager (Male) |
| 19:03 | Encolar | Ratha (Ranged) |
| 19:03 | Encolar | Ratha (Ranged) |
| 19:03 | Encolar | Ratha (Ranged) |
| 19:03 | Encolar | Ratha (Ranged) |
| 19:15 | Encolar | Villager (Male) |
| 19:18 | Investigar | Bow Saw |
| 19:19 | Investigar | Bow Saw |
| 19:55 | Encolar | Ratha (Ranged) |
| 20:20 | Encolar | Villager (Male) |
| 20:20 | Encolar | Villager (Male) |
| 20:22 | Encolar | Ratha (Ranged) |
| 20:22 | Encolar | Ratha (Ranged) |
| 21:00 | Encolar | Ratha (Ranged) |
| 21:00 | Encolar | Ratha (Ranged) |
| 21:02 | Encolar | Villager (Male) |
| 21:10 | Construir | Farm |
| 21:11 | Construir | Farm |
| 21:13 | Construir | Farm |
| 21:14 | Construir | Farm |
| 21:41 | Investigar | Scale Mail Armor |
| 21:41 | Investigar | Scale Mail Armor |
| 21:52 | Encolar | Ratha (Ranged) |
| 21:53 | Encolar | Ratha (Ranged) |
| 22:03 | Construir | Farm |
| 22:03 | Construir | Farm |
| 22:03 | Construir | Farm |
| 22:03 | Construir | Farm |
| 22:04 | Construir | Farm |
| 22:08 | Construir | Farm |
| 22:10 | Construir | Farm |
| 22:19 | Encolar | Villager (Male) |
| 22:27 | Construir | Barracks |
| 23:25 | Construir | Farm |
| 23:26 | Encolar | Villager (Male) |
| 23:27 | Encolar | Villager (Male) |
| 23:40 | Construir | Stable |
| 24:15 | Encolar | Ratha (Ranged) |
| 24:15 | Encolar | Ratha (Ranged) |
| 24:16 | Encolar | Ratha (Ranged) |
| 24:16 | Encolar | Villager (Male) |
| 24:17 | Encolar | Villager (Male) |
| 25:05 | Construir | Palisade Wall |
| 25:26 | Encolar | Ratha (Ranged) |
| 25:33 | Encolar | Villager (Male) |
| 25:33 | Encolar | Villager (Male) |
| 25:36 | Encolar | Ratha (Ranged) |
| 25:36 | Encolar | Ratha (Ranged) |
| 26:17 | Encolar | Ratha (Ranged) |
| 26:17 | Encolar | Ratha (Ranged) |
| 26:53 | Encolar | Villager (Male) |
| 26:53 | Encolar | Villager (Male) |
| 27:01 | Encolar | Ratha (Ranged) |
| 27:02 | Encolar | Ratha (Ranged) |
| 27:11 | Investigar | Chain Mail Armor |
| 27:11 | Investigar | Chain Mail Armor |
| 27:18 | Investigar | Forging |
| 27:18 | Investigar | Forging |
| 27:18 | Investigar | Forging |
| 27:27 | Construir | Farm |
| 27:28 | Encolar | Villager (Male) |
| 27:28 | Encolar | Villager (Male) |
| 27:45 | Construir | Palisade Wall |
| 28:09 | Encolar | Ratha (Ranged) |
| 28:09 | Encolar | Ratha (Ranged) |
| 28:09 | Encolar | Ratha (Ranged) |
| 28:10 | Encolar | Villager (Male) |
| 28:10 | Encolar | Villager (Male) |
| 28:13 | Construir | Farm |
| 28:14 | Construir | Farm |
| 28:14 | Construir | Farm |
| 28:14 | Construir | Farm |
| 28:15 | Construir | Farm |
| 28:23 | Construir | Farm |
| 28:23 | Construir | Farm |
| 28:26 | Construir | Farm |
| 28:45 | Construir | Farm |
| 28:46 | Encolar | Villager (Male) |
| 28:46 | Encolar | Villager (Male) |
| 28:47 | Encolar | Villager (Male) |
| 28:50 | Construir | Lumber Camp |
| 29:12 | Construir | Farm |
| 29:12 | Construir | Farm |
| 29:12 | Construir | Farm |
| 29:12 | Construir | Farm |
| 29:12 | Construir | Farm |
| 29:13 | Construir | Farm |
| 29:13 | Construir | Farm |
| 29:32 | Investigar | Bloodlines |
| 29:32 | Investigar | Bloodlines |
Cronología de la partida
| 1:14 | FMG | Sawasha Takohida · wall_segment Palisade Wall x1 |
| 1:17 | FMG | Sawasha Takohida · wall_segment Palisade Wall x1 |
| 1:23 | FMG | Sawasha Takohida · wall_segment Palisade Wall x1 |
| 1:27 | FMG | Sawasha Takohida · wall_segment Palisade Wall x1 |
| 1:30 | FMG | Sawasha Takohida · wall_segment Palisade Wall x1 |
| 6:29 | FMG | ELCOCHINOTE · wall_segment Palisade Wall x1 |
| 8:56 | enif_ · first_building Barracks |
| 10:01 | Humble Villager · first_building Barracks |
| 10:20 | FMG | Sawasha Takohida · first_building Barracks |
| 10:50 | FMG | GreatMaty · wall_segment Palisade Wall x1 |
| 10:54 | FMG | GreatMaty · wall_segment Palisade Wall x1 |
| 11:05 | FMG | GreatMaty · wall_segment Palisade Wall x1 |
| 11:10 | Humble Villager · age_up feudal |
| 11:13 | Humble Villager · first_building Stable |
| 11:14 | FMG | GreatMaty · first_building Barracks |
| 11:18 | FMG | GreatMaty · wall_segment Palisade Wall x1 |
| 11:28 | FMG | GreatMaty · wall_segment Palisade Wall x1 |
| 11:36 | FMG | GreatMaty · wall_segment Palisade Wall x1 |
| 11:44 | FMG | GreatMaty · wall_segment Palisade Wall x1 |
| 11:52 | FMG | Sawasha Takohida · age_up feudal |
| 11:59 | La Grosse Valoche · wall_segment Palisade Wall x1 |
| 12:00 | La Grosse Valoche · wall_segment Palisade Wall x1 |
| 12:01 | FMG | Sawasha Takohida · first_building Archery Range |
| 12:02 | La Grosse Valoche · wall_segment Palisade Wall x1 |
| 12:03 | La Grosse Valoche · wall_segment Palisade Wall x1 |
| 12:04 | La Grosse Valoche · wall_segment Palisade Wall x1 |
| 12:20 | enif_ · age_up feudal |
| 12:25 | enif_ · first_building Archery Range |
| 12:27 | La Grosse Valoche · wall_segment Palisade Wall x1 |
| 12:29 | La Grosse Valoche · wall_segment Palisade Wall x1 |
| 12:29 | La Grosse Valoche · wall_segment Palisade Wall x1 |
| 12:32 | La Grosse Valoche · wall_segment Palisade Wall x5 |
| 12:37 | La Grosse Valoche · wall_segment Palisade Wall x1 |
| 12:37 | La Grosse Valoche · wall_segment Palisade Wall x1 |
| 12:38 | La Grosse Valoche · wall_segment Palisade Wall x1 |
| 12:38 | La Grosse Valoche · wall_segment Palisade Wall x1 |
| 12:40 | La Grosse Valoche · wall_segment Palisade Wall x1 |
| 12:40 | La Grosse Valoche · wall_segment Palisade Wall x1 |
| 12:54 | La Grosse Valoche · wall_segment Palisade Wall x1 |
| 12:57 | La Grosse Valoche · wall_segment Palisade Wall x1 |
| 12:59 | La Grosse Valoche · wall_segment Palisade Wall x1 |
| 13:04 | FMG | GreatMaty · age_up feudal |
| 13:09 | FMG | GreatMaty · first_building Stable |
| 13:47 | La Grosse Valoche · wall_segment Palisade Wall x1 |
| 13:54 | FMG | Sawasha Takohida · wall_segment Palisade Wall x1 |
| 14:00 | La Grosse Valoche · age_up feudal |
| 14:02 | FMG | ELCOCHINOTE · age_up feudal |
| 14:11 | FMG | Sawasha Takohida · wall_segment Palisade Wall x2 |
| 14:38 | FMG | GreatMaty · wall_segment Palisade Wall x1 |
| 14:38 | FMG | GreatMaty · wall_segment Palisade Wall x1 |
| 14:39 | FMG | GreatMaty · wall_segment Palisade Wall x1 |
| 14:39 | FMG | GreatMaty · wall_segment Palisade Wall x1 |
| 14:41 | FMG | GreatMaty · wall_segment Palisade Wall x1 |
| 14:41 | FMG | GreatMaty · wall_segment Palisade Wall x1 |
| 14:43 | FMG | Sawasha Takohida · wall_segment Palisade Wall x1 |
| 14:44 | FMG | GreatMaty · wall_segment Palisade Wall x1 |
| 14:45 | FMG | Sawasha Takohida · wall_segment Palisade Wall x1 |
| 14:46 | FMG | GreatMaty · wall_segment Palisade Wall x1 |
| 14:46 | FMG | GreatMaty · wall_segment Palisade Wall x1 |
| 14:46 | FMG | ELCOCHINOTE · wall_segment Palisade Wall x4 |
| 14:46 | FMG | Sawasha Takohida · wall_segment Palisade Wall x1 |
| 14:46 | FMG | GreatMaty · wall_segment Palisade Wall x1 |
| 14:48 | FMG | GreatMaty · wall_segment Palisade Wall x1 |
| 15:00 | FMG | ELCOCHINOTE · first_market_sell 100 food |
| 15:01 | enif_ · wall_segment Palisade Wall x1 |
| 15:13 | FMG | ELCOCHINOTE · wall_segment Palisade Wall x1 |
| 15:14 | FMG | ELCOCHINOTE · wall_segment Palisade Wall x1 |
| 15:24 | enif_ · wall_segment Palisade Wall x1 |
| 15:25 | enif_ · wall_segment Palisade Wall x1 |
| 15:35 | FMG | ELCOCHINOTE · wall_segment Palisade Wall x1 |
| 15:37 | FMG | ELCOCHINOTE · wall_segment Palisade Wall x1 |
| 15:53 | enif_ · wall_segment Palisade Wall x1 |
| 15:56 | enif_ · wall_segment Palisade Wall x1 |
| 15:58 | enif_ · wall_segment Palisade Wall x1 |
| 15:59 | enif_ · wall_segment Palisade Wall x4 |
| 16:20 | La Grosse Valoche · first_market_sell 100 wood |
| 16:21 | La Grosse Valoche · first_market_buy 100 food |
| 16:39 | FMG | GreatMaty · age_up castle |
| 17:48 | FMG | ELCOCHINOTE · age_up castle |
| 17:50 | FMG | ELCOCHINOTE · first_building Castle |
| 17:59 | FMG | ELCOCHINOTE · first_market_buy 100 stone |
| 19:04 | La Grosse Valoche · age_up castle |
| 19:08 | La Grosse Valoche · first_building Castle |
| 20:24 | enif_ · first_market_buy 100 food |
| 21:04 | Humble Villager · wall_segment Palisade Wall x5 |
| 21:36 | FMG | Sawasha Takohida · first_market_buy 100 food |
| 22:20 | FMG | Sawasha Takohida · first_market_sell 100 wood |
| 22:27 | FMG | ELCOCHINOTE · first_building Barracks |
| 23:06 | enif_ · age_up castle |
| 23:21 | Humble Villager · wall_segment Stone Wall x1 |
| 23:24 | Humble Villager · wall_segment Stone Wall x1 |
| 23:28 | Humble Villager · wall_segment Stone Wall x1 |
| 23:40 | FMG | ELCOCHINOTE · first_building Stable |
| 24:33 | FMG | GreatMaty · first_market_buy 100 stone |
| 24:44 | Humble Villager · first_market_sell 100 stone |
| 24:44 | Humble Villager · first_market_buy 100 food |
| 25:05 | FMG | ELCOCHINOTE · wall_segment Palisade Wall x2 |
| 25:12 | FMG | Sawasha Takohida · age_up castle |
| 25:23 | enif_ · wall_segment Palisade Wall x1 |
| 25:44 | enif_ · wall_segment Palisade Wall x1 |
| 25:48 | enif_ · wall_segment Palisade Wall x1 |
| 25:51 | enif_ · wall_segment Palisade Wall x1 |
| 26:54 | enif_ · wall_segment Palisade Wall x1 |
| 26:55 | enif_ · wall_segment Palisade Wall x2 |
| 26:57 | FMG | Sawasha Takohida · first_building Castle |
| 27:10 | FMG | GreatMaty · first_market_sell 100 wood |
| 27:45 | FMG | ELCOCHINOTE · wall_segment Palisade Wall x1 |
| 28:38 | Humble Villager · age_up castle |
| 28:57 | FMG | GreatMaty · first_building Monastery |
| 30:50 | FMG | GreatMaty · first_building Siege Workshop |
| 31:05 | FMG | GreatMaty · first_building Castle |
| 33:03 | FMG | Sawasha Takohida · tribute_sent a jugador 1 |
| 33:03 | FMG | Sawasha Takohida · tribute_sent a jugador 2 |
| 33:03 | FMG | Sawasha Takohida · tribute_sent a jugador 3 |
| 33:03 | FMG | Sawasha Takohida · tribute_sent a jugador 5 |
| 33:03 | FMG | Sawasha Takohida · tribute_sent a jugador 6 |
| 33:43 | Humble Villager · first_building Siege Workshop |
| 36:17 | La Grosse Valoche · wall_segment Stone Wall x1 |
| 36:18 | La Grosse Valoche · wall_segment Stone Wall x1 |
| 36:22 | La Grosse Valoche · wall_segment Stone Wall x1 |
| 38:56 | enif_ · first_building Castle |
| 40:26 | Humble Villager · first_building Monastery |
| 40:41 | FMG | ELCOCHINOTE · age_up imperial |
| 40:43 | enif_ · first_market_sell 100 wood |
| 42:33 | FMG | GreatMaty · age_up imperial |
| 44:13 | FMG | Sawasha Takohida · age_up imperial |
| 44:18 | enif_ · age_up imperial |
| 44:35 | Humble Villager · age_up imperial |
| 44:50 | La Grosse Valoche · first_building Barracks |
| 44:55 | Humble Villager · first_building Castle |
| 49:19 | FMG | GreatMaty · tribute_sent a jugador 1 |
| 49:19 | FMG | GreatMaty · tribute_sent a jugador 3 |
| 49:19 | FMG | GreatMaty · tribute_sent a jugador 4 |
| 49:19 | FMG | GreatMaty · tribute_sent a jugador 5 |
| 49:19 | FMG | GreatMaty · tribute_sent a jugador 6 |
| 51:42 | enif_ · tribute_sent a jugador 1 |
| 51:42 | enif_ · tribute_sent a jugador 2 |
| 51:42 | enif_ · tribute_sent a jugador 3 |
| 51:42 | enif_ · tribute_sent a jugador 4 |
| 51:42 | enif_ · tribute_sent a jugador 6 |
| 52:03 | FMG | GreatMaty · tribute_sent a jugador 1 |
| 52:03 | FMG | GreatMaty · tribute_sent a jugador 3 |
| 52:03 | FMG | GreatMaty · tribute_sent a jugador 4 |
| 52:03 | FMG | GreatMaty · tribute_sent a jugador 5 |
| 52:03 | FMG | GreatMaty · tribute_sent a jugador 6 |
| 52:30 | La Grosse Valoche · resign |
[ ANÁLISIS IA · 1 CRÉDITO ]
¿Qué pasó realmente en esta partida?
Wolo.gg analiza cada decisión: build order, eco, micro, errores típicos por bracket. Análisis personalizado por WhatsApp o Discord en 30 segundos.
Guía civ
Hunos
Perfil
GreatMaty